 Dungeon Crawl Stone Soup version 0.30.1 (webtiles) character file.

Game seed: 924736578919048382

4776 LynnLen the Covert (level 10, 0/51 HPs)
             Began as a Spriggan Enchanter on July 6, 2023.
             Was a Follower of Dithmenos.
             Slain by an unseen horror simulacrum (3 damage)
             ... on level 9 of the Dungeon.
             The game lasted 00:32:30 (10587 turns).

LynnLen the Covert (Spriggan Enchanter)            Turns: 10587, Time: 00:32:33

Health: 0/51       AC:  3    Str:  4    XL:     10   Next: 23%
Magic:  22/22      EV: 18    Int: 22    God:    Dithmenos [*.....]
Gold:   558        SH:  0    Dex: 15    Spells: 12/24 levels left

rFire   + . .        a - +3 dagger
rCold   + . .        (no shield)
rNeg    . . .        b - +1 robe
rPois   +            (helmet restricted)
rElec   .            v - scarf {rC+ rF+}
rCorr   .            (gloves unavailable)
SInv    +            (boots unavailable)
Will    +....        (no amulet)
Stlth   ++++++       n - ring of poison resistance
HPRegen 0.28/turn    (no ring)
MPRegen 0.18/turn

%: no passive effects
@: wreathed by umbra, very quick
A: very small, no large weapons, unfitting armour, see invisible, speed 3
a: Renounce Religion


You were on level 9 of the Dungeon.
You worshipped Dithmenos.
Dithmenos was aware of your devotion.
You visited 2 branches of the dungeon, and saw 10 of its levels.
You also visited: Ossuary.

You collected 624 gold pieces.
You spent 66 gold pieces at shops.

Inventory:

Hand Weapons
 a - a +3 dagger (weapon)
 E - a +0 hand axe
 F - a +1 dagger of holy wrath
Missiles
 y - 9 poisoned darts (quivered)
 A - 4 atropa-tipped darts
Armour
 b - a +1 robe (worn)
 t - a +0 cloak
 v - a scarf of resistance (worn)
Jewellery
 n - a ring of poison resistance (left hand)
 H - a ring of protection from cold
Wands
 f - a wand of iceblast (13)
 s - a wand of paralysis (7)
 D - a wand of flame (6)
Scrolls
 d - a scroll of vulnerability
 e - 9 scrolls of teleportation
 i - 5 scrolls of amnesia
 l - a scroll of enchant armour
 p - 2 scrolls of enchant weapon
 r - a scroll of fog
 w - 4 scrolls of poison
 x - 2 scrolls of silence
Potions
 c - a potion of invisibility
 g - 8 potions of haste
 h - 3 potions of might
 j - 5 potions of resistance
 k - a potion of mutation
 m - 2 potions of magic {unknown}
 o - a potion of heal wounds
 q - 4 potions of berserk rage
 u - 11 potions of curing
 z - a potion of lignification {unknown}
 B - a potion of ambrosia {unknown}
 C - 2 potions of attraction {unknown}
 G - a potion of flight {unknown}


   Skills:
 + Level 4.3 Fighting
 + Level 6.1 Short Blades
 + Level 4.2 Dodging
 * Level 12.4 Stealth
 + Level 7.5 Spellcasting
 + Level 2.2 Conjurations
 * Level 9.8 Hexes
 - Level 0.3 Ice Magic


You had 12 spell levels left.
You knew the following spells:

 Your Spells              Type           Power      Damage    Failure   Level
a - Ensorcelled Hibernat  Hex/Ice        60%        N/A       1%          2
b - Confusing Touch       Hex            51%        N/A       1%          3
c - Tukima's Dance        Hex            51%        N/A       1%          3
d - Fulminant Prism       Conj/Hex       17%        3d10      7%          4

Your spell library contained the following spells:

 Spells                   Type           Power      Damage    Failure   Level
 Dazzling Flash           Conj/Hex       68%        N/A       1%          3
 Magic Dart               Conj           72%        1d6       3%          1
 Searing Ray              Conj           36%        2d5       4%          2
 Gell's Gravitas          Tloc           8%         N/A       24%         3
 Teleport Other           Tloc           8%         N/A       24%         3
 Dispersal                Tloc           4%         N/A       100%        6


Dungeon Overview and Level Annotations

Branches:
Dungeon (9/15)             Temple (1/1) D:7         Ossuary (visited)
   Lair: D:8-11         Orc: D:9-12

Altars:
Ashenzari
Dithmenos
Elyvilon
Fedhas
Hepliaklqana
Kikubaaqudgha
Makhleb
Okawaru
Qazlal
Ru
Sif Muna
Vehumet
Wu Jian
Xom
Yredelemnul
Zin
The Shining One

Shops:
D:1 [:   D:6 *

Annotations:
D:5 3 runed translucent doors, Dogbites's ghost, novice MiBe


Innate Abilities, Weirdness & Mutations

You are very small and have problems with some larger weapons.
You are too small for most types of armour.
You have supernaturally acute eyesight. (SInv)
You cover ground extremely quickly. (Speed+++)


Message History

The unseen horror simulacrum completely misses you.
The unseen horror simulacrum completely misses you.
The unseen horror simulacrum barely misses you.
The unseen horror simulacrum misses you.
The unseen horror simulacrum hits you.
The unseen horror simulacrum freezes you.
You resist.
The unseen horror simulacrum attacks as you move away!
The unseen horror simulacrum barely misses you.
The unseen horror simulacrum attacks as you move away!
The unseen horror simulacrum hits you.
The unseen horror simulacrum freezes you.
You resist. The unseen horror simulacrum hits you.
The unseen horror simulacrum freezes you.
You resist.
The polar bear growls angrily.
Okay, then.
You feel much better.
The unseen horror simulacrum misses you.
The unseen horror simulacrum closely misses you.
The polar bear misses you. The polar bear barely misses you.
The polar bear claws you. The unseen horror simulacrum hits you.
The unseen horror simulacrum freezes you!
You resist.
The unseen horror simulacrum closely misses you.
The unseen horror simulacrum barely misses you.
The unseen horror simulacrum hits you.
The unseen horror simulacrum freezes you!
You resist. The unseen horror simulacrum hits you.
The unseen horror simulacrum freezes you.
You resist.
* * * LOW HITPOINT WARNING * * *
The unseen horror simulacrum attacks as you move away!
The unseen horror simulacrum hits you.
* * * LOW HITPOINT WARNING * * *
The unseen horror simulacrum freezes you.
You resist.
* * * LOW HITPOINT WARNING * * *
The unseen horror simulacrum hits you.
You die...

#.#...# #.#.###
#. #.#.# #.
#.#.# #.###.#.#
#.#.....#
###.#.....#
#...+.....#
#.#.#..Z@<#
..#....h....#
#..........##
###........#
#........##.#.#
#.###..........
###.##[.###.#.#
##...##..##.#
#...Y.#.....#


You could see a polar bear and an unseen horror simulacrum.

Vanquished Creatures
  3 polar bears (D:9)
  Sigmund (D:6)
  An acid dragon (D:9)
  2 sky beasts
  2 black bears
  5 ice beasts
  2 ogres
  A wolf (D:9)
  A kobold brigand (D:5)
  2 elf zombies (Ossuary)
  4 bullfrogs
  2 wyvern zombies (D:6)
  Blork the orc (D:6)
  2 necrophages (D:6)
  3 scorpions
  A wight (D:6)
  A killer bee (D:9)
  9 howler monkeys
  2 centaur zombies (D:6)
  2 bullfrog zombies (D:6)
  A human zombie (D:6)
  4 jellies
  7 orc priests
  A gnoll bouda (D:7)
  2 hounds
  7 iguanas
  A sleepcap (D:7)
  10 orc wizards
  A hound zombie (Ossuary)
  6 mummies
  Robin (D:4)
  5 gnolls
  11 adders
  2 white imps (D:7)
  An adder zombie (Ossuary)
  A dart slug (D:4)
  36 orcs
  10 ball pythons
  9 endoplasms
  4 giant cockroaches
  12 goblins
  6 hobgoblins
  2 jackals (D:2)
  10 kobolds
  3 quokkas
  6 bats
  2 frilled lizards
  A goblin zombie (Ossuary)
  3 hobgoblin zombies (Ossuary)
  A jackal zombie (Ossuary)
  2 orc zombies (Ossuary)
  7 rats
  A rat zombie (Ossuary)
223 creatures vanquished.

Vanquished Creatures (others)
  A dancing weapon (D:6)
1 creature vanquished.

Grand Total: 224 creatures vanquished

Notes
Turn   | Place    | Note
-------+----------+-------------------------------------------
     0 | D:1      | LynnLen the Spriggan Enchanter began the quest for the Orb.
     0 | D:1      | Reached XP level 1. HP: 9/9 MP: 5/5
    93 | D:1      | Reached skill level 5 in Stealth
    93 | D:1      | Reached XP level 2. HP: 13/13 MP: 6/6
   104 | D:1      | Learned a level 2 spell: Ensorcelled Hibernation
   158 | D:1      | Found a faded altar of an unknown god.
   195 | D:1      | Found Ikiugit's Armour Boutique.
   454 | D:1      | Found Vixugij's Vocational Training.
   612 | D:2      | Reached XP level 3. HP: 16/16 MP: 8/8
   629 | D:2      | Learned a level 3 spell: Confusing Touch
  1098 | D:2      | Reached XP level 4. HP: 21/21 MP: 5/10
  1754 | D:3      | Reached skill level 1 in Fighting
  1754 | D:3      | Reached XP level 5. HP: 25/25 MP: 6/11
  2897 | D:4      | Reached skill level 6 in Stealth
  3105 | D:4      | Reached skill level 5 in Hexes
  3119 | D:4      | Reached XP level 6. HP: 13/30 MP: 9/13
  3347 | D:4      | Found a transporter.
  3365 | D:4      | Found a transporter.
  3365 | D:4      | Noticed an ice beast
  3366 | D:4      | Noticed an ice beast
  3367 | D:4      | Killed an ice beast
  3498 | D:4      | Killed an ice beast
  3784 | D:4      | Noticed Robin
  3838 | D:4      | Reached XP level 7. HP: 35/35 MP: 15/15
  3913 | D:4      | Killed Robin
  3923 | D:4      | Reached skill level 7 in Stealth
  4256 | D:5      | Entered Level 5 of the Dungeon
  4338 | D:5      | Reached skill level 5 in Spellcasting
  4365 | D:5      | Noticed a fire elemental
  4367 | D:5      | Found a stormy altar of Qazlal.
  4400 | D:5      | Learned a level 3 spell: Tukima's Dance
  4405 | D:5      | Learned a level 4 spell: Fulminant Prism
  4436 | D:5      | Found a runed translucent gate.
  4436 | D:5      | Found a runed translucent gate.
  4440 | D:5      | Noticed Dogbites's ghost (novice MiBe)
  4441 | D:5      | Found a runed translucent gate.
  4714 | D:5      | Noticed an air elemental
  4773 | D:5      | Found a blossoming altar of Fedhas.
  4783 | D:5      | Reached skill level 8 in Stealth
  5007 | D:5      | Reached XP level 8. HP: 33/39 MP: 10/17
  5537 | D:6      | Found a sand-covered staircase.
  5546 | Ossuary  | Entered an ossuary
  6302 | D:6      | Found a shimmering altar of Xom.
  6331 | D:6      | Reached skill level 9 in Stealth
  6366 | D:6      | Found Sif Qiyv's Assorted Antiques.
  6371 | D:6      | Bought a scroll of identify for 66 gold pieces
  6590 | D:6      | Found a white marble altar of Elyvilon.
  6858 | D:6      | Noticed Blork the orc
  6865 | D:6      | Killed Blork the orc
  6930 | D:6      | Reached skill level 10 in Stealth
  7206 | D:6      | Noticed Sigmund
  7215 | D:6      | Killed Sigmund
  7216 | D:6      | Reached skill level 5 in Short Blades
  7216 | D:6      | Reached XP level 9. HP: 44/44 MP: 19/19
  7464 | D:6      | Found a basalt altar of Yredelemnul.
  7492 | D:6      | Reached skill level 1 in Conjurations
  7616 | D:6      | Reached skill level 11 in Stealth
  8060 | D:7      | Identified the +3 spear of Fear {flame, rCorr}
  8578 | D:7      | Found a hazy altar of Hepliaklqana.
  8709 | D:7      | Found a staircase to the Ecumenical Temple.
  8723 | Temple   | Entered the Ecumenical Temple
  8766 | Temple   | Became a worshipper of Dithmenos the Shadowed
  9833 | D:8      | Reached skill level 12 in Stealth
  9839 | D:8      | Reached * piety under Dithmenos
  9840 | D:8      | Reached XP level 10. HP: 49/50 MP: 13/21
  9919 | D:8      | Found a burning altar of Makhleb.
 10279 | D:9      | Found an ornate altar of the Wu Jian Council.
 10587 | D:9      | Slain by an unseen horror simulacrum

Illustrated notes

Levels and vault maps discovered:
D:1:      tarquinn_simple_flora_water_f, layout_rooms,
          shapermc_ecumenical_altar_gd, serial_shops, shop,
          nicolae_shop_vocational
D:2:      layout_loops_corners
D:3:      minmay_razor_zed, layout_basic
D:4:      gammafunk_cloud_chamber, layout_loops_ring, uniq_robin
D:5:      layout_cave_pools, fedhas_altar_fruit_tree,
          nicolae_qazlal_style_of_elements, gammafunk_ghost_nasty_kobolds,
          serial_bayou_lagoon_b
D:6:      layout_basic, lemuel_mausoleum_altar_yredelemnul, xom_teletrap_fun,
          mainiacjoe_overflow_six_doors_small, enter_ossuary_1, serial_shops,
          kennysheep_little_box, uniq_blork_the_orc, uniq_sigmund
D:7:      layout_basic, general_overflow_altar, lemuel_temple_firewalk_b
D:8:      layout_loops_ring, bloody_makhleb, chequers_serial_rivers_room_b
D:9:      layout_basic, mainiacjoe_overflow_alcove_4,
          mainiacjoe_overflow_concentric_impassable, serial_ice, serial_ice_i,
          serial_ice_e, serial_ice_a, serial_ice_n, serial_ice_b, serial_ice_c,
          serial_ice_f, serial_ice_h
Temple:   nicolae_temple_hex_pool

Skill      XL: |  1  2  3  4  5  6  7  8  9 10 |
---------------+-------------------------------+-----
Stealth        | 5 6 8 10 12 | 12.4
Spellcasting   | 3 4 5 6 7 |  7.5
Hexes          | 4 5 6 8 9 |  9.8
Fighting       | 1 2 3 4 |  4.3
Short Blades   | 2 3 5 6 |  6.1
Conjurations   | 1 2 |  2.2
Dodging        | 3 4 |  4.2
Ice Magic      | |  0.3

Action                     |  1- 3 |  4- 6 |  7- 9 | 10-12 || total
---------------------------+-------+-------+-------+-------++-------
  Melee: Dagger            |    62 |   144 |   359 |    52 ||   617
         Punch             |       |     2 |     2 |     1 ||     5
  Throw: Dart              |       |       |     2 |       ||     2
   Cast: Ensorcelled Hiber |     4 |    30 |   110 |     1 ||   145
         Confusing Touch   |       |     1 |    22 |     4 ||    27
         Tukima's Dance    |       |       |     1 |       ||     1
    Use: Scroll            |     3 |     1 |    17 |       ||    21
         Potion            |       |       |     1 |     1 ||     2
   Stab: Sleeping          |    15 |    29 |    94 |     3 ||   141
         Confused          |       |     2 |    17 |     6 ||    25
         Invisible         |       |       |     4 |       ||     4
         Distracted        |       |       |     1 |       ||     1
 Armour: Robe              |     9 |    17 |    41 |     1 ||    68
  Dodge: Dodged            |    37 |   121 |   233 |    60 ||   451
